 Dungeon Crawl Stone Soup version 0.20.1-1-g8b1a95d (webtiles) character file.

2333 dvd the Grappler (level 9, -1/118 HPs)
             Began as a Troll Transmuter on Oct 10, 2017.
             Was a Follower of Cheibriados.
             Slain by an orc
             ... wielding a cursed +0 mace
              (2 damage)
             ... on level 7 of the Dungeon.
             The game lasted 00:13:27 (4965 turns).

dvd the Grappler (Troll Transmuter)                 Turns: 4965, Time: 00:13:28

Health: -1/118     AC: 24    Str: 22    XL:     9   Next: 19%
Magic:  4/12       EV:  1    Int: 13    God:    Cheibriados [*.....]
Gold:   308        SH:  0    Dex: 13    Spells: 6/14 levels left

rFire    + . .     SeeInvis .     - Unarmed
rCold    . . .     Gourm    +   (no shield)
rNeg     + + +     Faith    .   (armour currently unavailable)
rPois    +         Spirit   .   (helmet currently unavailable)
rElec    .         Reflect  .   (cloak currently unavailable)
rCorr    .         Harm     .   (gloves unavailable)
MR       .....     NoTele   +   (boots unavailable)
Stlth    ++........             (no amulet)
Regen    0.7/turn               h - +4 ring of evasion
MPRegen  0.2/turn               B - ring of protection from fire

@: tree-form, very slightly contaminated, very slow
A: unfitting armour, fast metabolism 3, gourmand, regeneration 1
a: Bend Time, Renounce Religion


You were on level 7 of the Dungeon.
You worshipped Cheibriados.
Cheibriados was aware of your devotion.
You were full.
You were a tree.
You visited 1 branch of the dungeon, and saw 7 of its levels.

You collected 308 gold pieces.

Inventory:

Missiles
 a - 150 arrows
Armour
 b - a +0 robe
 l - a cursed +0 robe (melded)
Jewellery
 h - a +4 ring of evasion (left branch)
 B - a ring of protection from fire (right branch)
Wands
 y - a wand of iceblast (8/15)
 z - a wand of iceblast (8/15)
 D - a wand of paralysis (16/24)
Scrolls
 f - 4 scrolls of teleportation {unknown}
 g - a scroll of recharging {unknown}
 i - 5 scrolls of identify
 j - 5 scrolls of remove curse {unknown}
 m - 2 scrolls of amnesia
 q - 2 scrolls of blinking {unknown}
 v - a scroll of fear {unknown}
 x - a scroll of enchant armour {unknown}
 A - a scroll of random uselessness {unknown}
Potions
 e - 4 potions of lignification
 n - a potion of cancellation {unknown}
 p - a potion of mutation {unknown}
 r - a potion of agility {unknown}
 s - a potion of haste {unknown}
 t - 2 potions of curing {unknown}
 u - 2 potions of flight
 w - a potion of ambrosia {unknown}
 C - 2 potions of degeneration {unknown}
Books
 c - a book of Changes

   Spells                             Type                      Level
   a - Beastly Appendage              Transmutation                1
   b - Sticks to Snakes               Transmutation                2
   c - Spider Form                    Transmutation/Poison         3
   d - Ice Form                       Ice/Transmutation            4
   e - Blade Hands                    Transmutation                5
Comestibles
 d - 5 bread rations
 k - 3 meat rations
 o - a royal jelly


   Skills:
 + Level 2.2 Fighting
 + Level 3.8 Dodging
 + Level 1.3 Stealth
 + Level 8.1 Unarmed Combat
 + Level 3.2 Spellcasting
 * Level 4.9 Transmutations


You had 6 spell levels left.
You knew the following spells:

 Your Spells              Type           Power        Failure   Level  Hunger
a - Beastly Appendage     Tmut           ##....       3%          1    #......
b - Sticks to Snakes      Tmut           ##......     4%          2    ##.....
c - Blade Hands           Tmut           ##........   63%         5    ######.


Dungeon Overview and Level Annotations

Branches:
Dungeon (7/15)
 Temple: D:4-7

Altars:
Ashenzari
Cheibriados
Gozag
Kikubaaqudgha
Makhleb
Qazlal
Sif Muna
The Shining One

Shops:
D:5 *

Annotations:
D:3 appiemonkey's ghost, amateur BaFi


Innate Abilities, Weirdness & Mutations

You are too large for most types of armour.
((You have claws for hands.))
Your metabolism is lightning-fast.
You like to eat raw meat.
Your natural rate of healing is unusually fast.
((You are covered in fur. (AC +1)))
((You have very tough skin. (AC +2)))


Message History

Forget which spell ([?*] list [ESC] exit)?
Forget which spell ([?*] list [ESC] exit)?
Okay, then.
The gnoll barely misses you. The orc wizard barely misses you.
The orc warrior hits you with a dire flail!
* * * LOW HITPOINT WARNING * * *
Unknown command.
It was a potion of lignification.
Your horns disappear.
You turn into a tree.
Your cursed +0 robe melds into your body.
Your roots penetrate the ground.
The orc warrior hits you but does no damage.
The orc wizard hits you but does no damage.
The gnoll hits you.
* * * LOW HITPOINT WARNING * * *
The gnoll hits you but does no damage.
It was a potion of flight.
Your roots keep you in place.
The gnoll hits you but does no damage. The orc hits you with a mace.
You die...

#.P#............≈≈≈#
#..##.......(.....≈≈#
#.# #......#(##.≈.≈≈#
#. #''##..#..#.≈≈≈≈#
#P #...#..#[)#..≈≈≈#
#. #...#..####..≈≈≈#
#)..#........≈≈≈#
#'###.gooo...≈≈≈#
##..#.ogg♣...≈≈≈≈#
##..>#..g####..≈≈≈#
#..###... #...≈≈#
##..#♣.... #..≈≈≈#
####..##..P.. #.≈≈≈≈#
##.#...#♣P.... .≈≈≈≈#
#.....##.♣..o. ≈≈≈#
###.#### ##..#


You could see an orc warrior, an orc wizard, 4 gnolls and 2 orcs.

Vanquished Creatures
  Eustachio (D:6)
  A hungry ghost (D:7)
  An orc warrior (D:6)
  3 phantoms
  An ice beast (D:6)
  4 ogres
  3 centaurs
  A big kobold (D:7)
  A bullfrog (D:7)
  4 scorpions
  2 crimson imps
  4 hounds
  2 centaur skeletons (D:5)
  2 gnoll shamans (D:7)
  A bullfrog skeleton (D:5)
  A jelly (D:6)
  2 orc wizards
  2 iguanas
  Natasha (twice) (D:3)
  5 gnolls
  4 adders
  2 dart slugs
  3 leopard geckos
  12 orcs
  2 ball pythons
  5 bats
  A giant cockroach (D:2)
  3 goblins
  4 hobgoblins
  10 frilled lizards
  3 kobolds (D:1)
  A quokka skeleton (D:6)
  8 rats
101 creatures vanquished.

Vanquished Creatures (collateral kills)
  Blork the orc (D:5)
1 creature vanquished.

Grand Total: 102 creatures vanquished

Notes
Turn   | Place    | Note
-------+----------+-------------------------------------------
     0 | D:1      | dvd the Troll Transmuter began the quest for the Orb.
     0 | D:1      | Reached XP level 1. HP: 18/18 MP: 1/1
   213 | D:1      | Reached XP level 2. HP: 26/26 MP: 3/3
   677 | D:2      | Reached XP level 3. HP: 32/32 MP: 2/4
  1179 | D:3      | Reached skill level 1 in Fighting
  1179 | D:3      | Reached XP level 4. HP: 27/41 MP: 3/5
  1346 | D:3      | Noticed appiemonkey's ghost (amateur BaFi)
  1461 | D:3      | Noticed Natasha
  1499 | D:4      | Reached skill level 4 in Unarmed Combat
  1598 | D:4      | Noticed a phantom
  1646 | D:3      | Killed Natasha
  1646 | D:3      | Reached XP level 5. HP: 43/48 MP: 6/6
  1894 | D:3      | Found a faded altar of an unknown god.
  2016 | D:3      | Noticed Natasha
  2024 | D:3      | Killed Natasha
  2053 | D:3      | Learned a level 2 spell: Sticks to Snakes
  2411 | D:4      | Killed a phantom
  2411 | D:4      | Reached XP level 6. HP: 55/55 MP: 3/7
  2557 | D:4      | Reached skill level 5 in Unarmed Combat
  2839 | D:5      | Entered Level 5 of the Dungeon
  2839 | D:5      | Found an opulent altar of Gozag.
  2855 | D:4      | Reached XP level 7. HP: 51/62 MP: 7/9
  3152 | D:5      | Reached skill level 6 in Unarmed Combat
  3343 | D:5      | Reached XP level 8. HP: 50/71 MP: 8/10
  3417 | D:5      | Noticed Blork the orc
  3452 | D:5      | Killed Blork the orc
  3458 | D:5      | Found a deep blue altar of Sif Muna.
  3614 | D:5      | Found a burning altar of Makhleb.
  3614 | D:5      | Found a faded altar of an unknown god.
  3619 | D:5      | Found a stormy altar of Qazlal.
  3624 | D:5      | Found a glowing golden altar of the Shining One.
  3626 | D:5      | Found a snail-covered altar of Cheibriados.
  3630 | D:5      | Became a worshipper of Cheibriados the Contemplative
  3701 | D:5      | Found Gozag's Platinum Reserve.
  3908 | D:6      | Reached skill level 1 in Stealth
  3941 | D:6      | Reached skill level 7 in Unarmed Combat
  4157 | D:6      | Noticed Eustachio
  4167 | D:6      | Killed Eustachio
  4284 | D:6      | Found an ancient bone altar of Kikubaaqudgha.
  4299 | D:6      | Found a shattered altar of Ashenzari.
  4352 | D:6      | Learned a level 5 spell: Blade Hands
  4454 | D:6      | Reached * piety under Cheibriados
  4716 | D:7      | Reached XP level 9. HP: 33/79 MP: 12/12
  4851 | D:7      | Reached skill level 8 in Unarmed Combat
  4963 | D:7      | HP: 1/79 [orc warrior/dire flail (11)]
  4965 | D:7      | Slain by an orc

Skill      XL: |  1  2  3  4  5  6  7  8  9 |
---------------+----------------------------+-----
Dodging        | 2 3 |  3.8
Fighting       | 1 2 |  2.2
Transmutations | 2 3 4 |  4.9
Unarmed Combat | 4 5 6 7 8 |  8.1
Spellcasting   | 2 3 |  3.2
Stealth        | 1 |  1.3

Action                   |  1- 3 |  4- 6 |  7- 9 || total
-------------------------+-------+-------+-------++-------
Melee: Unarmed           |    92 |   121 |   117 ||   330
       Headbutt          |     5 |     2 |     7 ||    14
       Kick              |     2 |    11 |    14 ||    27
       Punch             |       |     2 |     6 ||     8
 Cast: Beastly Appendage |    17 |    15 |    17 ||    49
       Sticks to Snakes  |       |     2 |     5 ||     7
Invok: Bend Time         |       |       |     1 ||     1
  Use: Scroll            |       |       |     2 ||     2
       Potion            |       |       |     2 ||     2
 Stab: Sleeping          |       |       |     1 ||     1
  Eat: Chunk             |    17 |    16 |    22 ||    55
Armor: Robe              |    30 |    16 |    18 ||    64
       Skin              |       |       |     4 ||     4
Dodge: Dodged            |    48 |    74 |    84 ||   206
